 Dungeon Crawl Stone Soup version 0.21-a0-344-g2144152 (webtiles) character file.

38 tidbits the Grave Robber (level 3, -1/14 HPs)
             Began as a Felid Necromancer on Oct 4, 2017.
             Slain by a worker ant (6 damage)
             ... on level 4 of the Dungeon.
             The game lasted 00:03:58 (608 turns).

tidbits the Grave Robber (Felid Necromancer)         Turns: 608, Time: 00:03:59

Health: -1/14      AC:  1    Str:  4    XL:     3   Next: 25%
Magic:  1/7        EV: 18    Int: 17    God:
Gold:   31         SH:  0    Dex: 16    Spells: 2/7 levels left
                                        Lives:  0   Deaths: 0

rFire    . . .     SeeInvis +   a - book of Necromancy
rCold    . . .     Gourm    .   (shield unavailable)
rNeg     . . .     Faith    .   (armour unavailable)
rPois    .         Spirit   .   (helmet unavailable)
rElec    .         Reflect  .   (cloak unavailable)
rCorr    .         Harm     .   (gloves unavailable)
MR       .....                  (boots unavailable)
Stlth    +++.......             R - amulet of regeneration
HPRegen  0.44/turn              Y - +2 ring of slaying
MPRegen  0.10/turn              (no ring)

@: lethally poisoned (-1 -> -3), very slightly contaminated, quick
A: no armour, no weapons or thrown items, stealth, claws 1, fangs 3, see
invisible, carnivore 3, speed 1, shaggy fur 1, slow metabolism 1, sharp paws
a: no special abilities


You were on level 4 of the Dungeon.
You were not hungry.

You visited 1 branch of the dungeon, and saw 4 of its levels.

You collected 31 gold pieces.

Inventory:

Missiles
 c - 43 arrows
Jewellery
 R - an amulet of regeneration (around neck)
   (You found it on level 1 of the Dungeon)
 Y - a +2 ring of slaying (left paw)
   (You found it on level 2 of the Dungeon)
Scrolls
 d - a scroll of random uselessness {unknown}
 e - a scroll of identify {unknown}
 h - a scroll of remove curse {unknown}
Potions
 g - a potion of magic
Books
 a - a book of Necromancy (in mouth)

   Spells                             Type                      Level
   a - Pain                           Necromancy                   1
   b - Animate Skeleton               Necromancy                   1
   c - Vampiric Draining              Necromancy                   3
   d - Regeneration                   Charms/Necromancy            3
   e - Animate Dead                   Necromancy                   4
   f - Control Undead                 Necromancy                   4
Comestibles
 b - 2 meat rations


   Skills:
 - Level 3.0 Dodging
 - Level 3.0 Stealth
 + Level 2.5 Spellcasting
 * Level 4.6 Necromancy


You had 2 spell levels left.
You knew the following spells:

 Your Spells              Type           Power        Failure   Level  Hunger
a - Pain                  Necr           ###.         2%          1    #......
n - Animate Skeleton      Necr           N/A          2%          1    #......
v - Vampiric Draining     Necr           ###.......   9%          3    ###....


Dungeon Overview and Level Annotations

Branches:
Dungeon (4/15)
 Temple: D:4-7

Altars:
Uskayaw


Innate Abilities, Weirdness & Mutations

You cannot wear armour.
You are incapable of wielding weapons or throwing items.
Your paws allow you to move quietly. (Stealth)
You have sharp claws.
You have razor-sharp teeth.
You have supernaturally acute eyesight. (SInv)
You are carnivorous and can eat meat at any time.
You cover ground quickly.
You are covered in fur. (AC +1)
You have a slow metabolism.
Your sharp claws are effective at attacking unaware monsters.


Message History

HP restored.
You see here 19 sling bullets.
The orc shouts!
Things that are here:
a falchion; an orc corpse An orc comes into view.
It is wielding a club.
Casting: Pain
Confirm with . or Enter, or press ? or * to list all spells.
Aiming: Pain
Press: ? - help, Shift-Dir - straight line, f - orc
Aim: an orc, wielding a whip and wearing a chain mail (chance to defeat MR: 87%)
The orc writhes in agony!
The orc shouts!
Casting: Pain
Confirm with . or Enter, or press ? or * to list all spells.
Aiming: Pain
Press: ? - help, Shift-Dir - straight line, f/p - orc
Aim: an orc, wielding a whip and wearing a chain mail (almost dead, chance to defeat MR: 87%)
The orc writhes in agony!
You kill the orc!
Things that are here:
a falchion; an orc corpse You see here 19 sling bullets.
Casting: Pain
Confirm with . or Enter, or press ? or * to list all spells.
Aiming: Pain
Press: ? - help, Shift-Dir - straight line, f - orc
Aim: an orc (chance to defeat MR: 87%)
The orc writhes in agony!
You kill the orc!
Casting: Pain
Confirm with . or Enter, or press ? or * to list all spells.
Aiming: Pain
Press: ? - help, Shift-Dir - straight line, f - orc
Aim: an orc, wielding a club (chance to defeat MR: 87%)
The orc writhes in agony!
Casting: Pain
Confirm with . or Enter, or press ? or * to list all spells.
Aiming: Pain
Press: ? - help, Shift-Dir - straight line, f/p - orc
Aim: an orc, wielding a club (severely wounded, chance to defeat MR: 87%)
The orc writhes in agony!
You kill the orc!
A worker ant comes into view.
You see here 19 sling bullets.
Casting: Pain
Confirm with . or Enter, or press ? or * to list all spells.
Aiming: Pain
Press: ? - help, Shift-Dir - straight line, f - worker ant
Aim: a worker ant (hasn't noticed you, chance to defeat MR: 82%)
You miscast Pain.
You are very lightly contaminated with residual magic.
Nothing appears to happen.
An orc comes into view. It is wielding a war axe.
You see here 19 sling bullets.
The orc shouts!
Adjust (i)tems, (s)pells, or (a)bilities?
Adjust which item? (? for menu, Esc to quit)
f - a +2 ring of slaying (left paw) Adjust to which letter? (? for menu, Esc to quit)
Y - a +2 ring of slaying (left paw) Adjust (i)tems, (s)pells, or (a)bilities?
Adjust which item? (? for menu, Esc to quit)
Okay, then.
It was a potion of magic.
Magic courses through your body.
Casting: Pain
Confirm with . or Enter, or press ? or * to list all spells.
Aiming: Pain
Press: ? - help, Shift-Dir - straight line, f/p - worker ant
Aim: a worker ant (chance to defeat MR: 82%)
The worker ant writhes in agony!
Casting: Pain
Confirm with . or Enter, or press ? or * to list all spells.
Aiming: Vampiric Draining
Press: ? - help, Shift-Dir - straight line, f/p - worker ant
Aim: a worker ant (moderately wounded) Nothing appears to happen.
The worker ant barely misses you.
Casting: Vampiric Draining
Confirm with . or Enter, or press ? or * to list all spells.
Aiming: Pain
Press: ? - help, Shift-Dir - straight line, f/p - worker ant
Aim: a worker ant (moderately wounded, chance to defeat MR: 82%)
The worker ant writhes in agony!
The worker ant bites you!
Ouch! That really hurt!
* * * LOW HITPOINT WARNING * * *
You are poisoned.
The worker ant poisons you!
Casting: Pain
Confirm with . or Enter, or press ? or * to list all spells.
You don't have enough magic to cast that spell.
Casting: Pain
Confirm with . or Enter, or press ? or * to list all spells.
You don't have enough magic to cast that spell.
Casting: Pain
Confirm with . or Enter, or press ? or * to list all spells.
Aiming: Pain
Press: ? - help, Shift-Dir - straight line, f/p - worker ant
Aim: a worker ant (moderately wounded, chance to defeat MR: 82%)
The worker ant barely resists.
You feel sick. The worker ant bites you.
You die...

#.# #.# #.# #.#
#.. #.# #.# #.#
....? ###.#
##..#.# #...#
.....!. #.###
.8.8o8.### #.#
...o.....# #@#
.......#.# #a#
#.%.$..#.####o#
#_)....)).a...#
#.!......######
...?.....#
.%.......#
.8.8.8.###
.......


You could see a worker ant and an orc.

Vanquished Creatures
  An adder (D:2)
  A leopard gecko (D:2)
  4 orcs (D:4)
  7 bats
  2 hobgoblins
  A frilled lizard (D:2)
  2 goblins (D:1)
  3 kobolds (D:2)
  2 rats (D:2)
23 creatures vanquished.

Vanquished Creatures (others)
  4 toadstools (D:1)
4 creatures vanquished.

Grand Total: 27 creatures vanquished

Notes
Turn   | Place    | Note
-------+----------+-------------------------------------------
     0 | D:1      | tidbits the Felid Necromancer began the quest for the Orb.
     0 | D:1      | Reached XP level 1. HP: 7/7 MP: 4/4
   195 | D:1      | Reached skill level 3 in Dodging
   195 | D:1      | Reached skill level 3 in Stealth
   240 | D:1      | Reached XP level 2. HP: 11/11 MP: 4/6
   243 | D:1      | Learned a level 1 spell: Animate Skeleton
   418 | D:2      | Reached XP level 3. HP: 13/14 MP: 0/7
   423 | D:2      | Learned a level 3 spell: Vampiric Draining
   569 | D:4      | Found a hide-covered altar of Uskayaw.
   608 | D:4      | Slain by a worker ant

Vault maps used:
D:1:      ldierk_walled_garden_2, kennysheep_another_room,
          hangedman_feature_mirror, st_stairs_6
D:2:      chequers_ecumenical_altar_grove, uniq_robin
D:3:      overflow_temple_1_default, fedhas_altar_fruit_tree, first_bread
D:4:      eat_drink_and_be_merry_uskayaw, okawaru_metal_pillars_1_2,
          uniq_grinder

Skill      XL: |  1 |
---------------+----+-----
Dodging        | 3 |  3.0
Stealth        | 3 |  3.0
Spellcasting   | |  2.5
Necromancy     | |  4.6

Action                   || total
-------------------------++-------
Melee: Unarmed           ||    20
       Bite              ||     1
 Cast: Pain              ||    41
       Vampiric Draining ||     1
  Use: Potion            ||     1
Armor: Skin              ||     4
Dodge: Dodged            ||    26

Table legend:
 A = Spawn XP
 B = Non-spawn XP
 C = Spawn XP percentage of total XP
 D = Spawn monster count
 E = Non-spawn monster count
 F = Spawn count percentage of total count
 G = Total turns spent on level
                    A         B        C        D         E        F      G
               +---------+---------+-------+---------+---------+-------+---------
         Total |       0 |      55 |   0.0 |       0 |      23 |   0.0 |   608
               +---------+---------+-------+---------+---------+-------+---------
           D:1 |       0 |      13 |   0.0 |       0 |       7 |   0.0 |   281
           D:2 |       0 |      28 |   0.0 |       0 |      11 |   0.0 |   154
           D:3 |       0 |       2 |   0.0 |       0 |       1 |   0.0 |    84
           D:4 |       0 |      12 |   0.0 |       0 |       4 |   0.0 |    89
               +---------+---------+-------+---------+---------+-------+---------

Table legend:
 A = Turns spent in this place as a percentage of turns spent in the entire game.
 B = Non-inter-level travel turns spent in this place as a percentage of non-inter-level travel turns spent in the entire game.
 C = Inter-level travel turns spent in this place as a percentage of turns spent in this place.
 D = Turns resting spent in this place as a percentage of non-inter-level travel turns spent in this place.
 E = Turns spent auto-exploring this place as a percentage of non-inter-level travel turns spent in this place.
 F = Non-inter-level travel turns spent in this place divided by the number of levels of this place that you've seen.
                   A       B       C       D       E      F
               +-------+-------+-------+-------+-------+----------------------
         Total | 100.0 | 100.0 |   0.0 |   0.0 |   0.0 | 152.0
       Dungeon | 100.0 | 100.0 |   0.0 |   0.0 |   0.0 | 152.0
               +-------+-------+-------+-------+-------+----------------------

Table legend:
 A = Kills in this place as a percentage of kills in entire the game.
 B = Kills by you in this place as a percentage of kills by you in the entire game.
 C = Kills by friends in this place as a percentage of kills by friends in the entire game.
 D = Other kills in this place as a percentage of other kills in the entire game.
 E = Experience gained in this place as a percentage of experience gained in the entire game.
 F = Experience gained in this place divided by the number of levels of this place that you have seen.
                   A       B       C       D       E      F
               +-------+-------+-------+-------+-------+----------------------
         Total | 100.0 | 100.0 |   N/A |   N/A | 100.0 |  13.8
       Dungeon | 100.0 | 100.0 |   N/A |   N/A | 100.0 |  13.8
               +-------+-------+-------+-------+-------+----------------------

Vault maps used:
D:1:      ldierk_walled_garden_2, kennysheep_another_room,
          hangedman_feature_mirror, st_stairs_6
D:2:      chequers_ecumenical_altar_grove, uniq_robin
D:3:      overflow_temple_1_default, fedhas_altar_fruit_tree, first_bread
D:4:      eat_drink_and_be_merry_uskayaw, okawaru_metal_pillars_1_2,
          uniq_grinder
